 Dungeon Crawl Stone Soup version 0.22.0-75-g3901e79 (webtiles) character file.

221 Fang the Skirmisher (level 5, 0/34 HPs)
             Began as a Gargoyle Berserker on Sept 13, 2018.
             Was a Priest of Trog.
             Slain by a hound (2 damage)
             ... on level 3 of the Dungeon.
             The game lasted 00:03:05 (2939 turns).

Fang the Skirmisher (Gargoyle Berserker)            Turns: 2939, Time: 00:03:06

Health: 0/34       AC:  6    Str: 20 (21) XL:     5   Next: 98%
Magic:  5/5        EV:  9    Int: 10 (13) God:    Trog [***...]
Gold:   110        SH:  7    Dex:  6 (9)  Spells: 4/4 levels left

rFire    . . .     SeeInvis .   a - +0 hand axe
rCold    . . .     Gourm    .   i - +0 shield (curse)
rNeg     + . .     Faith    .   b - +0 animal skin
rPois    ∞         Spirit   .   (no helmet)
rElec    +         Reflect  .   (no cloak)
rCorr    .         Harm     .   (no gloves)
MR       .....                  (no boots)
Stlth    +.........             (no amulet)
HPRegen  0.11/turn              (no ring)
MPRegen  0.09/turn              (no ring)

@: brilliant, berserk cooldown, slowed, very slow
A: negative energy resistance 1, electricity resistance, unbreathing,
petrification resistance, rot immunity, AC +4
a: Berserk, Trog's Hand, Renounce Religion


You were on level 3 of the Dungeon.
You worshipped Trog.
Trog was most pleased with you.
You were very hungry.

You visited 1 branch of the dungeon, and saw 3 of its levels.

You collected 110 gold pieces.

Inventory:

Hand Weapons
 a - a +0 hand axe (weapon)
Armour
 b - a +0 animal skin (worn)
 i - a cursed +0 shield (worn)
Scrolls
 e - a scroll of immolation {unknown}
 f - a scroll of fear {unknown}
Comestibles
 c - 3 rations


   Skills:
 + Level 4.6 Fighting
 + Level 4.1 Axes
 + Level 2.2 Armour
 + Level 2.6 Dodging
 + Level 1.6 Stealth
 + Level 1.0 Shields


You had 4 spell levels left.
You didn't know any spells.
Your spell library was empty.

Dungeon Overview and Level Annotations

Branches:
Dungeon (3/15)

Altars:


Innate Abilities, Weirdness & Mutations

You are resistant to torment.
Your stone body is resilient. (AC +4)
You are immune to poison.
You resist negative energy. (rN+)
You are resistant to electric shocks. (rElec)
You can survive without breathing.
You are immune to petrification.
You are immune to rotting.


Message History

* * * LOW HITPOINT WARNING * * *
You barely miss the hound. You hit the orc but do no damage.
The hound bites you.
* * * LOW HITPOINT WARNING * * *
The orc barely misses you. The hound bites you but does no damage.
The orc hits you but does no damage. The hound bites you.
* * * LOW HITPOINT WARNING * * *
You miss the hound. You closely miss the orc. The hound bites you.
* * * LOW HITPOINT WARNING * * *
You block the hound's attack. You block the orc's attack.
You hit the hound but do no damage. You slash the orc!
You kill the orc!
Trog accepts your kill.
Your Shields skill increases to level 1!
You block the hound's attack. The hound bites you.
* * * LOW HITPOINT WARNING * * *
The hound bites you.
* * * LOW HITPOINT WARNING * * *
You hit the hound but do no damage. The hound bites you.
You die...

#.. ##......#. .#
##.#####.......#. ..##
#....##........##
#...##
#............#...
#....##.............##.
#....#.†...........##.
#..................###
#....h)............###
#....@)...............
#.....................
#.................####
#.........##.....##
#.........########
#........># #.........#
###########


You could see a hound.

Vanquished Creatures
  An orc priest (D:3)
  4 gnolls (D:3)
  4 adders
  2 oozes
  4 worms (D:2)
  2 dart slugs (D:1)
  3 leopard geckos
  7 orcs (D:3)
  6 giant cockroaches
  2 goblins (D:2)
  13 hobgoblins
  8 jackals
  A ball python (D:2)
  10 bats
  8 frilled lizards
  3 kobolds
  9 rats
87 creatures vanquished.

Notes
Turn   | Place    | Note
-------+----------+-------------------------------------------
     0 | D:1      | Fang the Gargoyle Berserker began the quest for the Orb.
     0 | D:1      | Reached XP level 1. HP: 14/14 MP: 1/1
    45 | D:1      | Reached XP level 2. HP: 14/19 MP: 2/2
   421 | D:1      | Reached XP level 3. HP: 20/24 MP: 3/3
   903 | D:2      | Reached ** piety under Trog
  1073 | D:2      | Reached XP level 4. HP: 17/29 MP: 4/4
  1073 | D:2      | Reached skill level 1 in Stealth
  2525 | D:3      | Reached XP level 5. HP: 24/33 MP: 5/5
  2642 | D:3      | Reached *** piety under Trog
  2938 | D:3      | Reached skill level 1 in Shields
  2939 | D:3      | Slain by a hound

Skill      XL: |  1  2  3  4  5 |
---------------+----------------+-----
Fighting       | 4 |  4.6
Dodging        | 2 |  2.6
Axes           | 3 4 |  4.1
Stealth        | 1 |  1.6
Shields        | 1 |  1.0
Armour         | |  2.2

Action                   |  1- 3 |  4- 6 || total
-------------------------+-------+-------++-------
Melee: Hand axe          |   111 |   194 ||   305
Invok: Berserk           |     1 |     4 ||     5
  Use: Potion            |       |     3 ||     3
 Stab: Sleeping          |     1 |       ||     1
  Eat: Chunk             |     1 |     9 ||    10
Armor: Animal skin       |    55 |    70 ||   125
Dodge: Dodged            |   104 |   152 ||   256
Block: Shield            |       |    54 ||    54
